 Dungeon Crawl Stone Soup version 0.29-a0-284-gf9362112df (webtiles) character file.

Game seed: 4413541808633554959

3155 freelancePsychic the Changer (level 10, 0/76 HPs)
             Began as a Formicid Wanderer on Mar 18, 2022.
             Was a Believer of Elyvilon.
             Slain by a kobold brigand
             ... wielding a +0 war axe
              (6 damage)
             ... in a bailey.
             The game lasted 00:20:06 (9047 turns).

freelancePsychic the Changer (Formicid Wanderer)    Turns: 9047, Time: 00:20:07

Health: 0/76       AC:  2    Str: 16    XL:     10   Next: 15%
Magic:  8/15       EV: 19    Int: 25    God:    Elyvilon [**....]
Gold:   611        SH:  0    Dex: 13    Spells: 4/16 levels left

rFire   . . .      SeeInvis .     - Unarmed
rCold   . . .      Faith    .   (shield currently unavailable)
rNeg    . . .      Spirit   .   (body armour currently unavailable)
rPois   x          Reflect  .   (helmet unavailable)
rElec   .          Harm     .   (cloak currently unavailable)
rCorr   .          Rampage  .   (gloves currently unavailable)
Will    +....                   (boots currently unavailable)
Stlth   +.........              e - amulet of magic regeneration
HPRegen 0.22/turn               p - ring of wizardry
MPRegen 0.54/turn               j - +6 ring of intelligence

@: spider-form, flying, very slightly contaminated
A: venomous fangs, permanent stasis, dig shafts and tunnels, tiny, (antennae 3),
four strong arms
a: End Transformation, Renounce Religion, Purification, Heal Other


You were in a bailey.
You worshipped Elyvilon.
Elyvilon was pleased with you.
You were a venomous arachnid creature.
You visited 2 branches of the dungeon, and saw 8 of its levels.
You also visited: Bailey.

You collected 631 gold pieces.
You donated 20 gold pieces to Zin.

Inventory:

Hand Weapons
 g - the +2 hand axe of the Goat (melded) {speed, Str+4 Int+4 Dex+4}
   (You found it on level 2 of the Dungeon)

   Attacks with this weapon are significantly faster.
   Str:       It affects your strength (+4).
   Int:       It affects your intelligence (+4).
   Dex:       It affects your dexterity (+4).
Armour
 c - a +0 leather armour (melded)
 q - a +1 pair of gloves (melded)
Jewellery
 e - an amulet of magic regeneration (around neck)
 j - a +6 ring of intelligence (right front leg)
 p - a ring of wizardry (left front leg)
 w - a ring of protection from cold
Wands
 d - a wand of polymorph (9)
 o - a wand of iceblast (5)
 t - a wand of charming (3)
Scrolls
 a - 2 scrolls of magic mapping
 i - a scroll of enchant weapon
 k - 4 scrolls of identify {@r1}
 l - a scroll of amnesia {unknown}
 n - 2 scrolls of immolation {unknown}
 s - a scroll of fog {unknown}
 u - a scroll of acquirement {unknown}
Potions
 b - 2 potions of might {unknown}
 f - a potion of ambrosia {unknown}
 h - 2 potions of flight
 r - a potion of degeneration {unknown}
 v - a potion of mutation {unknown}


   Skills:
 + Level 6.3 Fighting
 - Level 1.0 Throwing
 - Level 1.1 Armour
 - Level 3.2 Dodging
 - Level 4.6 Unarmed Combat
 - Level 3.6 Spellcasting
 - Level 0.2 Conjurations
 * Level 7.0 Transmutations
 - Level 3.1 Fire Magic
 - Level 1.8 Ice Magic
 * Level 6.8 Poison Magic
 + Level 6.4 Invocations
 - Level 1.1 Evocations


You had 4 spell levels left.
You knew the following spells:

 Your Spells              Type           Power      Damage    Failure   Level
a - Foxfire               Conj/Fire      52%        2x1d6     6%          1
b - Spider Form           Tmut/Pois      39%        N/A       2%          3
c - Ignite Poison         Fire/Tmut/Pois 32%        N/A       4%          3
d - Sting                 Tmut/Pois      100%       1d8       1%          1
e - Ice Form              Ice/Tmut       26%        N/A       14%         4

Your spell library contained the following spells:

 Spells                   Type           Power      Damage    Failure   Level
 Conjure Flame            Conj/Fire      13%        6-21      13%         3
 Gell's Gravitas          Tloc           4%         N/A       22%         3
 Lesser Beckoning         Tloc           4%         N/A       22%         3
 Teleport Other           Tloc           4%         N/A       22%         3
 Tukima's Dance           Hex            4%         N/A       22%         3
 Sticky Flame             Conj/Fire      13%        2d4       32%         4
 Passage of Golubria      Tloc           4%         N/A       52%         4
 Alistair's Intoxication  Tmut/Pois      26%        N/A       14%         5
 Yara's Violent Unravell  Hex/Tmut       11%        3d6       41%         5
 Eringya's Noxious Bog    Tmut/Pois      19%        N/A       50%         6
 Iskenderun's Battlesphe  Conj           5%         2d6       80%         5
 Borgnjor's Vile Clutch   Necr/Erth      2%         N/A       82%         5
 Iron Shot                Conj/Erth      2%         9d2       99%         6
 Spellforged Servitor     Conj/Summ      2%         N/A       100%        7


Dungeon Overview and Level Annotations

Branches:
Dungeon (7/15)             Temple (1/1) D:4          Bailey (1/1)

Altars:
Ashenzari
Cheibriados
Dithmenos
Elyvilon
Fedhas
Gozag
Hepliaklqana
Kikubaaqudgha
Makhleb
Nemelex Xobeh
Qazlal
Ru
Sif Muna
Trog
Uskayaw
Vehumet
Wu Jian
Xom
Yredelemnul
Zin
The Shining One

Shops:
D:2 =   D:4 (

Annotations:
D:3 1 runed translucent door, Psyclone's ghost, weakling OpVM
D:4 3 runed translucent doors, croobank's ghost, amateur HOFi
D:6 2 runed translucent doors, FizzleBang's ghost, novice VSBr


Innate Abilities, Weirdness & Mutations

You are a venomous arachnid creature.
You have poisonous fangs.
You are tiny and dextrous.
Your spellcasting is less reliable in this form.
Your armour is entirely melded.
You are incapable of wielding weapons or throwing items.
You cannot be hasted, slowed, berserked, paralysed or teleported.
You can dig through walls and to a lower floor.
((You have a pair of large antennae on your head. (SInv)))
Your four strong arms can wield two-handed weapons with a shield.


Message History

The kobold brigand completely misses you.
You barely miss the orc warrior. The kobold brigand misses you.
The orc warrior completely misses you.
The orc warrior hits you with a +0 war axe!
* * * LOW HITPOINT WARNING * * *
The orc warrior misses you.
As you read the scroll of fear, it crumbles to dust.
You assume a fearsome visage.
The kobold brigand looks frightened!
The orc warrior looks frightened!
The kobold brigand looks frightened!
The orc warrior looks frightened! x2
The orc warrior cries, "Mercy!"
Cornered, the orc warrior turns to fight!
There is an open gate here.
Cornered, the kobold brigand turns to fight!
The orc warrior begs for mercy.
Cornered, the orc warrior turns to fight!
Press: ? - help, Dir - move target, f/p - kobold brigand Heal: a kobold brigand, wielding a +0 war axe and quivering poisoned darts (chance to pacify: 48%)
The light of Elyvilon almost touches upon the kobold brigand.
Press: ? - help, Dir - move target, f/p - kobold brigand Heal: a kobold brigand, wielding a +0 war axe and quivering poisoned darts (chance to pacify: 48%)
The light of Elyvilon fails to reach the kobold brigand.
You bite the orc warrior!
The orc warrior is poisoned.
The orc warrior is moderately wounded.
The orc warrior barely misses you.
Casting: Ignite Poison (dangerous; 4% risk of failure)
Confirm with . or Enter, or press ? or * to list all spells.
You miscast Ignite Poison.
You are very lightly contaminated with residual magic.
Nothing appears to happen.
The orc warrior hits you with a +0 war axe!!
* * * LOW HITPOINT WARNING * * *
Okay, then.
Okay, then.
Unknown command.
It was a potion of flight.
You feel very buoyant.
You fly up into the air.
The kobold brigand hits you with a +0 war axe.
You die...

####.(.####
##≈...(((.≈##
#####≈≈.......≈≈###
#....≈≈.......≈≈....
#.###≈≈.......≈≈###.
#....≈≈.......≈≈...
#.###≈≈.......≈≈###
#....≈≈.......≈≈...
#.###≈≈....s..≈≈###
#....≈≈...Ko..≈≈...
#.###≈≈....o..≈≈###
#....≈≈.......≈≈...
#####≈≈.......≈≈###
##≈.......≈##
####'''####
##.....## #∩.....∩#


You could see 2 orc warriors and a kobold brigand.

Vanquished Creatures
  A steam dragon (D:6)
  3 orc warriors (Bailey)
  3 black bears
  A sky beast (D:6)
  An ice beast (D:7)
  An ogre (D:6)
  2 centaurs
  A phantom (D:5)
  5 kobold brigands (Bailey)
  Blork the orc (D:5)
  2 bullfrogs (D:6)
  3 scorpions
  2 wights (D:6)
  A vampire bat (D:3)
  2 hounds (D:4)
  An orc priest (D:5)
  A jelly (D:6)
  2 gnoll shamans (D:6)
  5 iguanas
  8 gnolls (D:6)
  9 adders
  An ufetubus (D:4)
  2 worms
  A dart slug (D:3)
  3 fire bats (D:3)
  21 orcs
  2 spectral bats (D:3)
  3 ball pythons
  13 bats
  A bat simulacrum (D:3)
  3 bat skeletons (D:3)
  A bat zombie (D:3)
  8 endoplasms
  6 giant cockroaches
  6 goblins
  3 hobgoblins
  13 kobolds
  3 quokkas
  5 frilled lizards
  A rat (D:1)
151 creatures vanquished.

Vanquished Creatures (others)
  A wight (D:6)
  32 foxfires
33 creatures vanquished.

Grand Total: 184 creatures vanquished

Notes
Turn   | Place    | Note
-------+----------+-------------------------------------------
     0 | D:1      | freelancePsychic the Formicid Wanderer began the quest for
                  | the Orb.
     0 | D:1      | freelancePsychic set off with the following items: a +0
                  | club, a scroll of fear, a +0 leather armour, a wand of
                  | polymorph (4); and the following spells available to
                  | memorise: Sting, Foxfire, Spider Form, Ignite Poison, Ice
                  | Form
     0 | D:1      | Reached XP level 1. HP: 15/15 MP: 2/2
    22 | D:1      | Learned a level 1 spell: Foxfire
    24 | D:1      | Learned a level 1 spell: Sting
   224 | D:1      | Reached skill level 1 in Poison Magic
   224 | D:1      | Reached XP level 2. HP: 6/21 MP: 2/4
   834 | D:1      | Found a faded altar of an unknown god.
  1246 | D:2      | Found Roppalel's Jewellery Shoppe.
  1859 | D:2      | Reached XP level 3. HP: 21/26 MP: 5/5
  2093 | D:2      | Identified the +2 hand axe of the Goat {speed, Str+4 Int+4
                  | Dex+4}
  3092 | D:3      | Learned a level 3 spell: Ignite Poison
  3300 | D:3      | Found a runed translucent door.
  3395 | D:3      | Reached XP level 4. HP: 32/32 MP: 7/7
  3413 | D:3      | Reached XP level 5. HP: 36/37 MP: 8/8
  3903 | D:3      | Noticed Psyclone's ghost (weakling OpVM)
  4005 | D:4      | Reached XP level 6. HP: 34/43 MP: 8/10
  4082 | D:4      | Found a runed translucent gate.
  4087 | D:4      | Learned a level 3 spell: Spider Form
  4091 | D:4      | Found a runed translucent gate.
  4092 | D:4      | Found a runed translucent gate.
  4094 | D:4      | Noticed croobank's ghost (amateur HOFi)
  4234 | D:4      | Noticed a black bear
  4245 | D:4      | Killed a black bear
  4324 | D:4      | Reached skill level 1 in Unarmed Combat
  4324 | D:4      | Reached XP level 7. HP: 49/49 MP: 9/12
  4540 | D:4      | Reached skill level 1 in Dodging
  4578 | D:4      | Found a staircase to the Ecumenical Temple.
  4595 | Temple   | Entered the Ecumenical Temple
  4897 | Temple   | Became a worshipper of Zin the Law-Giver
  4897 | Temple   | Reached * piety under Zin
  4929 | Temple   | Fell from the grace of Zin
  4929 | Temple   | Became a worshipper of Elyvilon the Healer
  4963 | D:4      | Found Ucrauff's Weapon Emporium.
  5255 | D:5      | Entered Level 5 of the Dungeon
  5338 | D:5      | Reached skill level 1 in Invocations
  5660 | D:5      | Reached * piety under Elyvilon
  5909 | D:5      | Reached skill level 5 in Transmutations
  5909 | D:5      | Reached XP level 8. HP: 19/58 MP: 9/13
  6273 | D:5      | Noticed Blork the orc
  6284 | D:5      | Killed Blork the orc
  6532 | D:5      | Reached ** piety under Elyvilon
  6635 | D:6      | Reached skill level 1 in Ice Magic
  7250 | D:6      | Learned a level 4 spell: Ice Form
  7358 | D:6      | Reached XP level 9. HP: 46/66 MP: 11/14
  7907 | D:6      | Reached skill level 5 in Fighting
  7913 | D:6      | Reached skill level 5 in Invocations
  8106 | D:6      | Found a runed translucent door.
  8137 | D:6      | Noticed FizzleBang's ghost (novice VSBr)
  8436 | D:6      | Found a runed translucent door.
  8686 | D:7      | Noticed Pikel
  8690 | D:7      | Pacified Pikel
  8691 | D:7      | Reached skill level 6 in Transmutations
  8691 | D:7      | Reached skill level 5 in Poison Magic
  8807 | D:7      | Found a flagged portal.
  8819 | Bailey   | Entered a bailey
  8893 | Bailey   | Reached XP level 10. HP: 71/76 MP: 15/15
  9030 | Bailey   | Reached skill level 7 in Transmutations
  9047 | Bailey   | Slain by a kobold brigand

Illustrated notes

Levels and vault maps discovered:
D:1:      dpeg_arrival_rooms_a, layout_loops_ring,
          hellmonk_ecumenical_altar_run_dry
D:2:      layout_loops_corners, serial_co_window_serial, co_window_paths_b,
          co_window_of_opportunity_a, co_window_of_opportunity_a,
          co_window_paths_a, co_window_paths_a, co_window_paths_b,
          co_window_of_opportunity_a, co_window_broadway_b, co_window_cross_2,
          co_window_broadway_b, glass_columns_a, glass_columns_b,
          glass_columns_b, glass_columns_a, serial_shops, shop_fountains,
          chequers_jeans
D:3:      layout_loops_ring, ebering_ghost_reflecting_pool, goddamned_bats
D:4:      layout_gridville, minmay_temple_entry_grid,
          gammafunk_ghost_necromancy, nicolae_stop_n_shop_1
D:5:      layout_loops_ring, uniq_blork_the_orc
D:6:      layout_loops_corners, ebering_ghost_sewer_f, grunt_ministairs_8
D:7:      kennysheep_kobold_camp, layout_basic, enter_bailey_4,
          nrook_mini_backslash, minmay_manual_moon, uniq_pikel
Temple:   nicolae_temple_the_god_donut
Bailey:   bailey_axe_3, bailey

Skill      XL: |  1  2  3  4  5  6  7  8  9 10 |
---------------+-------------------------------+-----
Poison Magic   | 1 2 3 4 6 |  6.8
Spellcasting   | 2 3 |  3.6
Fire Magic     | 2 3 |  3.1
Unarmed Combat | 1 2 3 4 |  4.6
Fighting       | 3 4 6 |  6.3
Dodging        | 1 2 3 |  3.2
Invocations    | 2 4 6 |  6.4
Transmutations | 5 6 7 |  7.0
Ice Magic      | 1 |  1.8
Throwing       | |  1.0
Armour         | |  1.1
Conjurations   | |  0.2
Evocations     | |  1.1

Action                   |  1- 3 |  4- 6 |  7- 9 | 10-12 || total
-------------------------+-------+-------+-------+-------++-------
Melee: Club              |    16 |       |       |       ||    16
       Punch             |     2 |       |       |       ||     2
       Hand axe          |    17 |    66 |    15 |       ||    98
       Unarmed           |       |    12 |   230 |    17 ||   259
 Cast: Sting             |    59 |    14 |     6 |       ||    79
       Foxfire           |     8 |     8 |     2 |       ||    18
       Spider Form       |       |     3 |    30 |     2 ||    35
       Ignite Poison     |       |     2 |    20 |     3 ||    25
       Ice Form          |       |       |     3 |       ||     3
Invok: Heal Other        |       |       |     3 |     3 ||     6
       Purification      |       |       |       |     1 ||     1
 Abil: End Transformatio |       |       |     1 |       ||     1
  Use: Scroll            |     2 |     5 |     2 |     1 ||    10
       Potion            |       |       |       |     1 ||     1
Armor: Leather armour    |    15 |    67 |     3 |       ||    85
       Skin              |       |     2 |    36 |     2 ||    40
Dodge: Dodged            |    30 |   109 |   213 |    35 ||   387

Table legend: (Time is in decaauts)
 A = Elapsed time spent in this place.
 B = Non-inter-level travel time spent in this place.
 C = Inter-level travel time spent in this place.
 D = Time resting spent in this place.
 E = Time spent auto-exploring this place.
 F = Levels seen in this place.
 G = Mean time per level.
                   A        B        C        D        E       F      G
               +--------+--------+--------+--------+--------+-----+--------+
         Total |   9027 |   8772 |    255 |     25 |   7535 |   9 | 1003.0 |
       Dungeon |   8442 |   8225 |    217 |      0 |   7166 |   7 | 1206.0 |
        Temple |    358 |    321 |     37 |      0 |    263 |   1 |  358.0 |
        Bailey |    226 |    226 |      0 |     25 |    106 |   1 |  226.0 |
               +--------+--------+--------+--------+--------+-----+--------+

Top non-repeatable levels by time:
     D:6: 2127 daAuts
     D:2: 1495 daAuts
     D:5: 1338 daAuts
     D:3: 1292 daAuts
     D:1: 1135 daAuts
     D:4: 963 daAuts
  Temple: 358 daAuts
  Bailey: 226 daAuts
     D:7: 89 daAuts
